Connexion

MINNESOTA Wild vs LAS VEGAS Golden Knights (R3)

Created - 16 janvier 2024 at 05:55

Goals
1 2 3 T
MINNESOTA Wild 1 1 2 4
LAS VEGAS Golden Knights 1 0 0 1
Shots
1 2 3 T
MINNESOTA Wild 6 6 13 25
LAS VEGAS Golden Knights 12 5 5 22

GoalsPenalties
1st period
1. MINNESOTA Wild , Brent Burns 9 (Ryan Murray 36, Danton Heinen 24) at 13:02
2. LAS VEGAS Golden Knights , Alex Galchenyuk 12 (Nick Seeler 23, Luke Kunin 20) at 15:56
Kevin Rooney (MIN) for Slashing (Minor) at 8:49
2nd period
3. MINNESOTA Wild , Frank Vatrano 24 (Danton Heinen 25, Mike Matheson 32) at 15:45
Kyle Connor (MIN) for Hooking (Minor) at 1:00
Jakub Zboril (L-V) for Elbowing (Minor) at 12:21
3rd period
4. MINNESOTA Wild , Nick Bjugstad 23 (Kyle Connor 46, Victor Hedman 34) at 10:22
5. MINNESOTA Wild , Jordan Eberle 30 (Victor Hedman 35) at 15:36 (PP)
Jordan Greenway (MIN) for Cross-checking (Minor) at 1:54
Keegan Kolesar (L-V) for Roughing (Minor) at 13:51
Ty Smith (MIN) for Hooking (Minor) at 19:41
Goalie Stats
Igor Shesterkin (MIN), 21 saves from 22 shots - (0,955), W, 22-16-6, 60:00 minutes
Ilya Sorokin (L-V), 21 saves from 25 shots - (0,840), L, 19-18-6, 60:00 minutes
3 StarsOfficial
1 - Frank Vatrano (MIN)
2 - Brent Burns (MIN)
3 - Danton Heinen (MIN)
Referees : Eric Furlatt and Brad Watson
Linesman : Scott Driscoll and David Brisebois
Game Note
No Game Note
Finance
Level 1 -- Attendance: 1925 (32,08%) -- Ticket Income $770,000
Level 2 -- Attendance: 1736 (34,72%) -- Ticket Income $434,000
Level 3 -- Attendance: 950 (47,50%) -- Ticket Income $104,500
Level 4 -- Attendance: 1893 (47,33%) -- Ticket Income $141,975
Luxury Box -- Attendance: 269 (26,90%) -- Ticket Income $255,550
Total Attendance: 6773 (37,63%)
Total Ticket Income: $1,706,025
Other Income: $341,205
Total Income: $2,047,230



Team Name Goals Shots Shots Attemp Shots Blocked PIM HIT PP PK FO%
MINNESOTA Wild 4255278221 / 2 (50%)040%
LAS VEGAS Golden Knights 1224974190 / 4 (0%)160%

MINNESOTA Wild
Player Name POS G A P +/- PIM HIT SHT SB MP PP MP PP SHT PK MP PK SHT FO% FOT
Brent BurnsD1011021120:572:1203:1100% 0
Bryan LittleC/RW0000001014:330:0004:02075% 4
Danton HeinenC/LW/RW0222002017:022:1400:0000% 1
Frank VatranoC/LW/RW1012014017:022:1400:00026% 19
Jordan EberleC/RW1010024020:231:3011:35032% 22
Jordan GreenwayLW/RW0000201010:300:0000:00050% 2
Kevin RooneyC000023208:010:0000:38067% 9
Kyle ConnorLW0110213018:471:3000:0000% 0
Marko DanoC/LW/RW000000107:240:0000:0000% 1
Mike MathesonD0111021021:221:3200:1000% 0
Nick BjugstadC/RW1010042020:191:3001:3100% 0
Ryan MurrayD0111021220:092:1203:1100% 0
Scott LaughtonC/LW0000020115:150:0004:44050% 12
Ty SmithD0000210015:340:0000:0000% 0
Tyler ToffoliLW/RW000000107:240:0000:0000% 1
Victor HedmanD0221001024:061:3212:5400% 0
Victor MeteD0000020217:510:0003:0400% 0
Viktor ArvidssonLW/RW0002000117:022:1400:00050% 2
LAS VEGAS Golden Knights
Player Name POS G A P +/- PIM HIT SHT SB MP PP MP PP SHT PK MP PK SHT FO% FOT
Alex GalchenyukC/LW101-1004120:152:5310:34067% 3
Alex KerfootC/LW0000001014:320:0001:090100% 2
Artem AnisimovC/LW0000002013:230:0000:00079% 14
Brady SkjeiD000-2010014:100:0001:1500% 0
Cole CaufieldRW000-1004019:412:5310:0000% 2
Filip HronekD000-1011124:473:2212:1200% 0
J.T. MillerC/LW/RW000-1013019:343:2200:140100% 2
Jakub ZborilD000-1240023:183:1800:4800% 0
Jayce HawrylukC/RW000000000:000:0000:0000% 0
Keegan KolesarRW0000251013:220:0000:0000% 0
Kirill MarchenkoRW000000103:520:0000:0000% 0
Luke KuninC/RW011-1020019:552:5300:14069% 16
Nick SeelerD0111011121:492:5301:0300% 0
Nikita ZaitsevD0001010121:482:5301:0200% 0
Pavel ZachaC/LW000-1003221:413:2212:2100% 0
Philip KurashevC/LW/RW000000004:270:0000:35020% 5
Ryan Nugent-HopkinsC/LW000-1001025:333:2212:21052% 29
Vladislav GavrikovD000-2030114:070:0401:0800% 0



Play-by-Play

1st period


0:01 of 1st period - Jordan Eberle wins face-off versus Ryan Nugent-Hopkins in neutral zone.
0:43 of 1st period - Shot by J.T. Miller.
0:43 of 1st period - Shot Misses the Net.
0:45 of 1st period - Shot by J.T. Miller.
0:45 of 1st period - Stopped by Igor Shesterkin with a rebound.
1:16 of 1st period - Cole Caufield is hit by Ryan Murray and loses puck.
1:25 of 1st period - Icing by Nikita Zaitsev.
1:26 of 1st period - Scott Laughton wins face-off versus Cole Caufield in LAS VEGAS Golden Knights zone.
2:19 of 1st period - Scott Laughton is hit by Keegan Kolesar and loses puck.
2:59 of 1st period - Icing by Brady Skjei.
3:00 of 1st period - Artem Anisimov wins face-off versus Frank Vatrano in LAS VEGAS Golden Knights zone.
4:29 of 1st period - Brent Burns is hit by Luke Kunin and loses puck.
5:13 of 1st period - Icing by Vladislav Gavrikov.
5:14 of 1st period - Artem Anisimov wins face-off versus Kevin Rooney in LAS VEGAS Golden Knights zone.
5:33 of 1st period - Marko Dano is hit by Keegan Kolesar and loses puck.
5:50 of 1st period - Icing by Alex Kerfoot.
5:51 of 1st period - Frank Vatrano wins face-off versus Artem Anisimov in LAS VEGAS Golden Knights zone.
6:25 of 1st period - Icing by Filip Hronek.
6:26 of 1st period - Philip Kurashev wins face-off versus Scott Laughton in LAS VEGAS Golden Knights zone.
6:38 of 1st period - Shot by Kirill Marchenko.
6:38 of 1st period - Stopped by Igor Shesterkin with a rebound.
6:59 of 1st period - Off-side.
7:00 of 1st period - Alex Galchenyuk wins face-off versus Jordan Eberle in neutral zone.
8:49 of 1st period - Minor Penalty to Kevin Rooney for Slashing.
8:50 of 1st period - Bryan Little wins face-off versus Ryan Nugent-Hopkins in MINNESOTA Wild zone.
9:18 of 1st period - Shot by Ryan Nugent-Hopkins.
9:18 of 1st period - Stopped by Igor Shesterkin with a rebound.
9:50 of 1st period - Shot by Cole Caufield.
9:50 of 1st period - Stopped by Igor Shesterkin with a rebound.
10:18 of 1st period - Shot by Ryan Nugent-Hopkins.
10:18 of 1st period - Shot Misses the Net.
10:20 of 1st period - Shot by J.T. Miller.
10:20 of 1st period - Shot Blocked by Victor Mete.
10:22 of 1st period - Shot by Pavel Zacha.
10:22 of 1st period - Stopped by Igor Shesterkin without a rebound.
10:23 of 1st period - Ryan Nugent-Hopkins wins face-off versus Jordan Eberle in MINNESOTA Wild zone.
10:26 of 1st period - Shot by Filip Hronek.
10:26 of 1st period - Stopped by Igor Shesterkin without a rebound.
10:27 of 1st period - Bryan Little wins face-off versus Ryan Nugent-Hopkins in MINNESOTA Wild zone.
10:52 of 1st period - Icing by Brady Skjei.
10:53 of 1st period - Artem Anisimov wins face-off versus Tyler Toffoli in LAS VEGAS Golden Knights zone.
10:53 of 1st period - Artem Anisimov is hit by Kevin Rooney.
11:01 of 1st period - Shot by Artem Anisimov.
11:01 of 1st period - Stopped by Igor Shesterkin without a rebound.
11:02 of 1st period - Alex Kerfoot wins face-off versus Frank Vatrano in MINNESOTA Wild zone.
11:09 of 1st period - Shot by Artem Anisimov.
11:09 of 1st period - Stopped by Igor Shesterkin without a rebound.
11:10 of 1st period - Scott Laughton wins face-off versus Artem Anisimov in MINNESOTA Wild zone.
11:26 of 1st period - Shot by Bryan Little.
11:26 of 1st period - Shot Misses the Net.
12:08 of 1st period - Shot by Nick Bjugstad.
12:08 of 1st period - Shot Misses the Net.
12:10 of 1st period - Shot by Victor Hedman.
12:10 of 1st period - Shot Misses the Net.
12:18 of 1st period - Shot by Jordan Eberle.
12:18 of 1st period - Stopped by Ilya Sorokin without a rebound.
12:19 of 1st period - Ryan Nugent-Hopkins wins face-off versus Danton Heinen in LAS VEGAS Golden Knights zone.
12:58 of 1st period - Shot by Danton Heinen.
12:58 of 1st period - Shot Blocked by Pavel Zacha.
13:00 of 1st period - Shot by Ryan Murray.
13:00 of 1st period - Shot Misses the Net.
13:02 of 1st period - Shot by Brent Burns.
13:02 of 1st period - Goal by Brent Burns - MINNESOTA Wild : 1 - LAS VEGAS Golden Knights : 0.
13:03 of 1st period - Jordan Eberle wins face-off versus Luke Kunin in neutral zone.
13:18 of 1st period - Shot by Kyle Connor.
13:18 of 1st period - Stopped by Ilya Sorokin without a rebound.
13:19 of 1st period - Kevin Rooney wins face-off versus Philip Kurashev in LAS VEGAS Golden Knights zone.
13:46 of 1st period - Shot by Tyler Toffoli.
13:46 of 1st period - Shot Blocked by Nick Seeler.
14:00 of 1st period - Shot by Marko Dano.
14:00 of 1st period - Shot Misses the Net.
14:31 of 1st period - Off-side.
14:32 of 1st period - Artem Anisimov wins face-off versus Frank Vatrano in neutral zone.
15:00 of 1st period - Shot by Artem Anisimov.
15:00 of 1st period - Shot Misses the Net.
15:34 of 1st period - Shot by Kyle Connor.
15:34 of 1st period - Shot Blocked by Alex Galchenyuk.
15:36 of 1st period - Shot by Mike Matheson.
15:36 of 1st period - Stopped by Ilya Sorokin without a rebound.
15:37 of 1st period - Scott Laughton wins face-off versus Ryan Nugent-Hopkins in LAS VEGAS Golden Knights zone.
15:37 of 1st period - Victor Hedman is hit by Brady Skjei and loses puck.
15:44 of 1st period - Shot by Jordan Greenway.
15:44 of 1st period - Stopped by Ilya Sorokin without a rebound.
15:45 of 1st period - Luke Kunin wins face-off versus Jordan Eberle in LAS VEGAS Golden Knights zone.
15:56 of 1st period - Shot by Alex Galchenyuk.
15:56 of 1st period - Goal by Alex Galchenyuk - MINNESOTA Wild : 1 - LAS VEGAS Golden Knights : 1.
15:57 of 1st period - Scott Laughton wins face-off versus Ryan Nugent-Hopkins in neutral zone.
16:14 of 1st period - Shot by Ryan Nugent-Hopkins.
16:14 of 1st period - Shot Blocked by Scott Laughton.
16:24 of 1st period - Shot by J.T. Miller.
16:24 of 1st period - Stopped by Igor Shesterkin with a rebound.
16:32 of 1st period - Shot by Pavel Zacha.
16:32 of 1st period - Stopped by Igor Shesterkin without a rebound.
16:33 of 1st period - Luke Kunin wins face-off versus Jordan Eberle in MINNESOTA Wild zone.
16:40 of 1st period - Victor Hedman is hit by Luke Kunin.
16:52 of 1st period - Shot by Kyle Connor.
16:52 of 1st period - Shot Misses the Net.
17:08 of 1st period - Shot by Nick Bjugstad.
17:08 of 1st period - Stopped by Ilya Sorokin without a rebound.
17:09 of 1st period - Viktor Arvidsson wins face-off versus Ryan Nugent-Hopkins in LAS VEGAS Golden Knights zone.
17:12 of 1st period - Shot by Danton Heinen.
17:12 of 1st period - Shot Blocked by Filip Hronek.
18:10 of 1st period - Filip Hronek is hit by Ty Smith and loses puck.
18:14 of 1st period - Icing by Victor Mete.
18:15 of 1st period - Kevin Rooney wins face-off versus Luke Kunin in MINNESOTA Wild zone.
18:38 of 1st period - Nikita Zaitsev is hit by Victor Mete and loses puck.
18:43 of 1st period - Shot by Cole Caufield.
18:43 of 1st period - Stopped by Igor Shesterkin without a rebound.
18:44 of 1st period - Artem Anisimov wins face-off versus Jordan Eberle in MINNESOTA Wild zone.
18:57 of 1st period - Alex Kerfoot is hit by Nick Bjugstad and loses puck.
19:23 of 1st period - Icing by Kyle Connor.
19:24 of 1st period - Jordan Eberle wins face-off versus Luke Kunin in MINNESOTA Wild zone.
Goals for this period are 1 for MINNESOTA Wild vs 1 for LAS VEGAS Golden Knights.
Shots for this period are 6 for MINNESOTA Wild vs 12 for LAS VEGAS Golden Knights.

2nd period


0:01 of 2nd period - Ryan Nugent-Hopkins wins face-off versus Frank Vatrano in neutral zone.
0:21 of 2nd period - Mike Matheson is hit by Jakub Zboril and loses puck.
1:00 of 2nd period - Minor Penalty to Kyle Connor for Hooking.
1:01 of 2nd period - Luke Kunin wins face-off versus Bryan Little in MINNESOTA Wild zone.
2:45 of 2nd period - Shot by Ryan Nugent-Hopkins.
2:45 of 2nd period - Shot Misses the Net.
3:16 of 2nd period - Shot by Keegan Kolesar.
3:16 of 2nd period - Shot Misses the Net.
3:41 of 2nd period - Icing by Ty Smith.
3:42 of 2nd period - Jordan Eberle wins face-off versus Philip Kurashev in MINNESOTA Wild zone.
3:58 of 2nd period - Icing by Filip Hronek.
3:59 of 2nd period - Kevin Rooney wins face-off versus Philip Kurashev in LAS VEGAS Golden Knights zone.
3:59 of 2nd period - Kevin Rooney is hit by Filip Hronek.
4:04 of 2nd period - Marko Dano is hit by Jakub Zboril and loses puck.
4:18 of 2nd period - Tyler Toffoli is hit by Jakub Zboril and loses puck.
4:58 of 2nd period - Shot by Ryan Murray.
4:58 of 2nd period - Stopped by Ilya Sorokin without a rebound.
4:59 of 2nd period - Luke Kunin wins face-off versus Scott Laughton in LAS VEGAS Golden Knights zone.
5:13 of 2nd period - Cole Caufield is hit by Brent Burns and loses puck.
5:22 of 2nd period - Shot by Alex Galchenyuk.
5:22 of 2nd period - Stopped by Igor Shesterkin with a rebound.
5:24 of 2nd period - Shot by Cole Caufield.
5:24 of 2nd period - Deflect By Alex Galchenyuk.
5:24 of 2nd period - Shot Blocked by Brent Burns.
5:26 of 2nd period - Shot by Cole Caufield.
5:26 of 2nd period - Shot Blocked by Ryan Murray.
5:28 of 2nd period - Shot by Luke Kunin.
5:28 of 2nd period - Shot Blocked by Ryan Murray.
6:16 of 2nd period - Shot by Keegan Kolesar.
6:16 of 2nd period - Stopped by Igor Shesterkin without a rebound.
6:17 of 2nd period - Frank Vatrano wins face-off versus Ryan Nugent-Hopkins in MINNESOTA Wild zone.
6:52 of 2nd period - Shot by Frank Vatrano.
6:52 of 2nd period - Shot Misses the Net.
6:54 of 2nd period - Shot by Frank Vatrano.
6:54 of 2nd period - Shot Misses the Net.
6:56 of 2nd period - Shot by Mike Matheson.
6:56 of 2nd period - Shot Blocked by Pavel Zacha.
6:58 of 2nd period - Shot by Frank Vatrano.
6:58 of 2nd period - Stopped by Ilya Sorokin without a rebound.
6:59 of 2nd period - Artem Anisimov wins face-off versus Jordan Eberle in LAS VEGAS Golden Knights zone.
6:59 of 2nd period - Artem Anisimov is hit by Jordan Eberle.
7:13 of 2nd period - Shot by Kyle Connor.
7:13 of 2nd period - Shot Misses the Net.
7:21 of 2nd period - Shot by Jordan Eberle.
7:21 of 2nd period - Stopped by Ilya Sorokin without a rebound.
7:22 of 2nd period - Jordan Greenway wins face-off versus Luke Kunin in LAS VEGAS Golden Knights zone.
7:49 of 2nd period - Shot by Luke Kunin.
7:49 of 2nd period - Shot Misses the Net.
8:21 of 2nd period - Icing by Brent Burns.
8:22 of 2nd period - Scott Laughton wins face-off versus Ryan Nugent-Hopkins in MINNESOTA Wild zone.
9:25 of 2nd period - Off-side.
9:26 of 2nd period - Artem Anisimov wins face-off versus Viktor Arvidsson in neutral zone.
9:43 of 2nd period - Danton Heinen is hit by Vladislav Gavrikov.
10:46 of 2nd period - Shot by Marko Dano.
10:46 of 2nd period - Shot Misses the Net.
10:48 of 2nd period - Shot by Brent Burns.
10:48 of 2nd period - Shot Hit the Post.
10:55 of 2nd period - Tyler Toffoli is hit by Nikita Zaitsev and loses puck.
11:15 of 2nd period - Icing by Nick Seeler.
11:16 of 2nd period - Luke Kunin wins face-off versus Jordan Eberle in LAS VEGAS Golden Knights zone.
11:16 of 2nd period - Alex Galchenyuk is hit by Nick Bjugstad and loses puck.
11:59 of 2nd period - Shot by Nick Bjugstad.
11:59 of 2nd period - Shot Misses the Net.
12:19 of 2nd period - Shot by Ryan Murray.
12:19 of 2nd period - Shot Misses the Net.
12:21 of 2nd period - Shot by Bryan Little.
12:21 of 2nd period - Stopped by Ilya Sorokin without a rebound.
12:21 of 2nd period - Minor Penalty to Jakub Zboril for Elbowing.
12:22 of 2nd period - Frank Vatrano wins face-off versus Ryan Nugent-Hopkins in LAS VEGAS Golden Knights zone.
12:39 of 2nd period - Shot by Brent Burns.
12:39 of 2nd period - Deflect By Frank Vatrano.
12:39 of 2nd period - Shot Misses the Net.
13:49 of 2nd period - Icing by Ryan Murray.
13:50 of 2nd period - Ryan Nugent-Hopkins wins face-off versus Frank Vatrano in MINNESOTA Wild zone.
14:10 of 2nd period - Icing by Frank Vatrano.
14:11 of 2nd period - Ryan Nugent-Hopkins wins face-off versus Frank Vatrano in MINNESOTA Wild zone.
14:15 of 2nd period - Icing by Ryan Murray.
14:16 of 2nd period - Frank Vatrano wins face-off versus Ryan Nugent-Hopkins in MINNESOTA Wild zone.
14:28 of 2nd period - Mike Matheson is hit by Jakub Zboril and loses puck.
14:56 of 2nd period - Off-side.
14:57 of 2nd period - Luke Kunin wins face-off versus Jordan Eberle in neutral zone.
15:03 of 2nd period - Luke Kunin is hit by Victor Mete.
15:05 of 2nd period - Shot by Cole Caufield.
15:05 of 2nd period - Stopped by Igor Shesterkin without a rebound.
15:06 of 2nd period - Jordan Eberle wins face-off versus Ryan Nugent-Hopkins in MINNESOTA Wild zone.
15:06 of 2nd period - Jordan Eberle is hit by J.T. Miller.
15:14 of 2nd period - Nikita Zaitsev is hit by Nick Bjugstad and loses puck.
15:23 of 2nd period - Shot by J.T. Miller.
15:23 of 2nd period - Stopped by Igor Shesterkin without a rebound.
15:24 of 2nd period - Luke Kunin wins face-off versus Frank Vatrano in MINNESOTA Wild zone.
15:32 of 2nd period - Alex Galchenyuk is hit by Mike Matheson and loses puck.
15:39 of 2nd period - Shot by Frank Vatrano.
15:39 of 2nd period - Stopped by Ilya Sorokin with a rebound.
15:43 of 2nd period - Shot by Danton Heinen.
15:43 of 2nd period - Shot Blocked by Vladislav Gavrikov.
15:45 of 2nd period - Shot by Frank Vatrano.
15:45 of 2nd period - Goal by Frank Vatrano - MINNESOTA Wild : 2 - LAS VEGAS Golden Knights : 1.
15:46 of 2nd period - Ryan Nugent-Hopkins wins face-off versus Jordan Eberle in neutral zone.
15:59 of 2nd period - Filip Hronek is hit by Kyle Connor and loses puck.
16:18 of 2nd period - Shot by Ryan Nugent-Hopkins.
16:18 of 2nd period - Shot Misses the Net.
16:46 of 2nd period - Shot by Cole Caufield.
16:46 of 2nd period - Stopped by Igor Shesterkin without a rebound.
16:47 of 2nd period - Luke Kunin wins face-off versus Frank Vatrano in MINNESOTA Wild zone.
18:17 of 2nd period - Scott Laughton is hit by Vladislav Gavrikov.
18:56 of 2nd period - Off-side.
18:57 of 2nd period - Jordan Eberle wins face-off versus Ryan Nugent-Hopkins in neutral zone.
19:26 of 2nd period - Icing by Filip Hronek.
19:27 of 2nd period - J.T. Miller wins face-off versus Kevin Rooney in LAS VEGAS Golden Knights zone.
19:27 of 2nd period - J.T. Miller is hit by Kevin Rooney.
Goals for this period are 1 for MINNESOTA Wild vs 0 for LAS VEGAS Golden Knights.
Shots for this period are 6 for MINNESOTA Wild vs 5 for LAS VEGAS Golden Knights.

3rd period


0:01 of 3rd period - Ryan Nugent-Hopkins wins face-off versus Frank Vatrano in neutral zone.
0:41 of 3rd period - Shot by Ryan Nugent-Hopkins.
0:41 of 3rd period - Shot Misses the Net.
0:51 of 3rd period - Filip Hronek is hit by Frank Vatrano and loses puck.
1:52 of 3rd period - Shot by Jordan Eberle.
1:52 of 3rd period - Stopped by Ilya Sorokin without a rebound.
1:53 of 3rd period - Alex Kerfoot wins face-off versus Scott Laughton in LAS VEGAS Golden Knights zone.
1:53 of 3rd period - Alex Kerfoot is hit by Scott Laughton.
1:54 of 3rd period - Minor Penalty to Jordan Greenway for Cross-checking.
1:55 of 3rd period - Bryan Little wins face-off versus Ryan Nugent-Hopkins in MINNESOTA Wild zone.
2:20 of 3rd period - Shot by J.T. Miller.
2:20 of 3rd period - Shot Misses the Net.
2:50 of 3rd period - Shot by Cole Caufield.
2:50 of 3rd period - Deflect By Alex Galchenyuk.
2:50 of 3rd period - Stopped by Igor Shesterkin without a rebound.
2:51 of 3rd period - Luke Kunin wins face-off versus Jordan Eberle in MINNESOTA Wild zone.
2:52 of 3rd period - Shot by Nick Seeler.
2:52 of 3rd period - Shot Misses the Net.
3:08 of 3rd period - Shot by Alex Galchenyuk.
3:08 of 3rd period - Shot Misses the Net.
3:10 of 3rd period - Shot by Cole Caufield.
3:10 of 3rd period - Shot Misses the Net.
3:12 of 3rd period - Shot by Alex Galchenyuk.
3:12 of 3rd period - Shot Misses the Net.
3:14 of 3rd period - Shot by Luke Kunin.
3:14 of 3rd period - Shot Misses the Net.
3:55 of 3rd period - Pavel Zacha is hit by Brent Burns and loses puck.
4:28 of 3rd period - Icing by Brady Skjei.
4:29 of 3rd period - Jordan Eberle wins face-off versus Artem Anisimov in LAS VEGAS Golden Knights zone.
4:58 of 3rd period - Philip Kurashev is hit by Nick Bjugstad and loses puck.
5:05 of 3rd period - Shot by Kyle Connor.
5:05 of 3rd period - Stopped by Ilya Sorokin with a rebound.
5:23 of 3rd period - Shot by Kevin Rooney.
5:23 of 3rd period - Stopped by Ilya Sorokin without a rebound.
5:24 of 3rd period - Luke Kunin wins face-off versus Frank Vatrano in LAS VEGAS Golden Knights zone.
5:53 of 3rd period - Shot by Alex Galchenyuk.
5:53 of 3rd period - Shot Blocked by Viktor Arvidsson.
6:05 of 3rd period - Shot by Frank Vatrano.
6:05 of 3rd period - Shot Misses the Net.
6:07 of 3rd period - Shot by Danton Heinen.
6:07 of 3rd period - Stopped by Ilya Sorokin without a rebound.
6:08 of 3rd period - J.T. Miller wins face-off versus Jordan Greenway in LAS VEGAS Golden Knights zone.
6:47 of 3rd period - Shot by Pavel Zacha.
6:47 of 3rd period - Shot Misses the Net.
7:08 of 3rd period - Ryan Murray is hit by Keegan Kolesar and loses puck.
7:20 of 3rd period - Icing by Keegan Kolesar.
7:21 of 3rd period - Artem Anisimov wins face-off versus Jordan Eberle in LAS VEGAS Golden Knights zone.
7:40 of 3rd period - Shot by Kyle Connor.
7:40 of 3rd period - Stopped by Ilya Sorokin with a rebound.
7:42 of 3rd period - Shot by Nick Bjugstad.
7:42 of 3rd period - Shot Misses the Net.
8:16 of 3rd period - Victor Mete is hit by Keegan Kolesar and loses puck.
8:36 of 3rd period - Shot by Kevin Rooney.
8:36 of 3rd period - Shot Blocked by Nikita Zaitsev.
8:38 of 3rd period - Shot by Kevin Rooney.
8:38 of 3rd period - Shot Misses the Net.
8:40 of 3rd period - Shot by Marko Dano.
8:40 of 3rd period - Stopped by Ilya Sorokin without a rebound.
8:41 of 3rd period - Ryan Nugent-Hopkins wins face-off versus Frank Vatrano in LAS VEGAS Golden Knights zone.
8:48 of 3rd period - Shot by Pavel Zacha.
8:48 of 3rd period - Stopped by Igor Shesterkin without a rebound.
8:49 of 3rd period - Ryan Nugent-Hopkins wins face-off versus Frank Vatrano in MINNESOTA Wild zone.
8:57 of 3rd period - Off-side.
8:58 of 3rd period - Ryan Nugent-Hopkins wins face-off versus Scott Laughton in neutral zone.
8:58 of 3rd period - Pavel Zacha is hit by Scott Laughton and loses puck.
9:33 of 3rd period - Ryan Nugent-Hopkins is hit by Ryan Murray and loses puck.
10:05 of 3rd period - Jordan Eberle is hit by Vladislav Gavrikov and loses puck.
10:22 of 3rd period - Shot by Nick Bjugstad.
10:22 of 3rd period - Goal by Nick Bjugstad - MINNESOTA Wild : 3 - LAS VEGAS Golden Knights : 1.
10:23 of 3rd period - Artem Anisimov wins face-off versus Frank Vatrano in neutral zone.
10:46 of 3rd period - Shot by Danton Heinen.
10:46 of 3rd period - Stopped by Ilya Sorokin without a rebound.
10:47 of 3rd period - Kevin Rooney wins face-off versus Luke Kunin in LAS VEGAS Golden Knights zone.
11:12 of 3rd period - Shot by Kevin Rooney.
11:12 of 3rd period - Stopped by Ilya Sorokin without a rebound.
11:13 of 3rd period - Ryan Nugent-Hopkins wins face-off versus Jordan Eberle in LAS VEGAS Golden Knights zone.
11:46 of 3rd period - Ryan Nugent-Hopkins is hit by Mike Matheson and loses puck.
11:57 of 3rd period - J.T. Miller is hit by Jordan Eberle and loses puck.
12:30 of 3rd period - Shot by Frank Vatrano.
12:30 of 3rd period - Stopped by Ilya Sorokin without a rebound.
12:31 of 3rd period - Kevin Rooney wins face-off versus Alex Galchenyuk in LAS VEGAS Golden Knights zone.
12:39 of 3rd period - Icing by Nikita Zaitsev.
12:40 of 3rd period - Scott Laughton wins face-off versus Cole Caufield in LAS VEGAS Golden Knights zone.
12:55 of 3rd period - Shot by Cole Caufield.
12:55 of 3rd period - Shot Misses the Net.
12:57 of 3rd period - Shot by Luke Kunin.
12:57 of 3rd period - Shot Hit the Post.
12:59 of 3rd period - Shot by Nick Seeler.
12:59 of 3rd period - Shot Misses the Net.
13:01 of 3rd period - Shot by Nick Seeler.
13:01 of 3rd period - Stopped by Igor Shesterkin with a rebound.
13:40 of 3rd period - Icing by Alex Kerfoot.
13:41 of 3rd period - Artem Anisimov wins face-off versus Jordan Eberle in LAS VEGAS Golden Knights zone.
13:46 of 3rd period - Mike Matheson is hit by Keegan Kolesar.
13:51 of 3rd period - Minor Penalty to Keegan Kolesar for Roughing.
13:52 of 3rd period - Frank Vatrano wins face-off versus Ryan Nugent-Hopkins in LAS VEGAS Golden Knights zone.
13:53 of 3rd period - Shot by Victor Hedman.
13:53 of 3rd period - Stopped by Ilya Sorokin without a rebound.
13:54 of 3rd period - Ryan Nugent-Hopkins wins face-off versus Jordan Eberle in LAS VEGAS Golden Knights zone.
15:10 of 3rd period - Shot by Viktor Arvidsson.
15:10 of 3rd period - Shot Misses the Net.
15:36 of 3rd period - Shot by Jordan Eberle.
15:36 of 3rd period - Goal by Jordan Eberle - MINNESOTA Wild : 4 - LAS VEGAS Golden Knights : 1.
15:37 of 3rd period - Kevin Rooney wins face-off versus Philip Kurashev in neutral zone.
15:47 of 3rd period - Off-side.
15:48 of 3rd period - Alex Galchenyuk wins face-off versus Scott Laughton in neutral zone.
16:31 of 3rd period - Shot by Jordan Greenway.
16:31 of 3rd period - Shot Misses the Net.
17:16 of 3rd period - Kyle Connor is hit by Nick Seeler and loses puck.
17:50 of 3rd period - Shot by Danton Heinen.
17:50 of 3rd period - Shot Misses the Net.
18:22 of 3rd period - Icing by Ryan Nugent-Hopkins.
18:23 of 3rd period - Ryan Nugent-Hopkins wins face-off versus Marko Dano in LAS VEGAS Golden Knights zone.
18:25 of 3rd period - Icing by Pavel Zacha.
18:26 of 3rd period - Ryan Nugent-Hopkins wins face-off versus Kevin Rooney in LAS VEGAS Golden Knights zone.
18:41 of 3rd period - Alex Kerfoot is hit by Kevin Rooney.
18:49 of 3rd period - Shot by Tyler Toffoli.
18:49 of 3rd period - Stopped by Ilya Sorokin without a rebound.
18:50 of 3rd period - Luke Kunin wins face-off versus Jordan Eberle in LAS VEGAS Golden Knights zone.
19:02 of 3rd period - Shot by Cole Caufield.
19:02 of 3rd period - Shot Misses the Net.
19:31 of 3rd period - Shot by Alex Galchenyuk.
19:31 of 3rd period - Stopped by Igor Shesterkin without a rebound.
19:32 of 3rd period - Artem Anisimov wins face-off versus Frank Vatrano in MINNESOTA Wild zone.
19:37 of 3rd period - Shot by Artem Anisimov.
19:37 of 3rd period - Shot Blocked by Victor Mete.
19:39 of 3rd period - Shot by Brady Skjei.
19:39 of 3rd period - Shot Misses the Net.
19:41 of 3rd period - Shot by Alex Kerfoot.
19:41 of 3rd period - Stopped by Igor Shesterkin without a rebound.
19:41 of 3rd period - Minor Penalty to Ty Smith for Hooking.
19:42 of 3rd period - Ryan Nugent-Hopkins wins face-off versus Scott Laughton in MINNESOTA Wild zone.
Goals for this period are 2 for MINNESOTA Wild vs 0 for LAS VEGAS Golden Knights.
Shots for this period are 13 for MINNESOTA Wild vs 5 for LAS VEGAS Golden Knights.